Cogmind - Beta 14 @@@ ROGUE MODE // 2024.10.10 @ 21:54:55 Player: OctagonalPrism Result: Destroyed by G-34 Mercenary with Small Laser Performance ------------- Evolutions (0) 0 Regions Visited (2) 400 Robots Destroyed (22) 110 Value Destroyed (443) 443 Prototype IDs (3) 60 Alien Tech Used (0) 0 Bonus (-57) -57 TOTAL SCORE: 956 Bonus ------- Friendly Fire -57 Cogmind --------- Core Integrity 0/250 Matter 275/300 Energy 158/160 System Corruption 1% Temperature Cool (6) Movement Core (450) Ox8 Location -10/Mines Parts ------- > --- POWER (1) -------- Light Nuclear Core > --- PROPULSION (2) --- Compact Wheel > --- UTILITY (2) ------ Large Storage Unit > --- WEAPON (2) ------- Light Assault Rifle Light Assault Rifle > --- INVENTORY (15) --- Ion Engine Ion Engine Compact Wheel Flight Unit Flight Unit Flight Unit Sensor Array Signal Interpreter Improved Terrain Scanner Terrain Scan Processor Hacking Suite Grenade Launcher Hammer Peak State ------------ > --- POWER ------------ Ion Engine > --- PROPULSION ------- Light Treads Wheel > --- UTILITY ---------- Medium Storage Unit Improved Terrain Scanner > --- WEAPON ----------- Medium Laser Medium Laser > --- INVENTORY -------- Light Ion Engine Light Treads Compact Wheel [Rating: 9] Favorites ----------- Power Ion Engine Engine Ion Engine Power Core Light Nuclear Core Propulsion Light Treads Treads Light Treads Wheel Compact Wheel Utility Light Armor Plating Device Improved Terrain Scanner Storage Medium Storage Unit Protection Light Armor Plating Weapon Light Assault Rifle Energy Gun Medium Laser Ballistic Gun Light Assault Rifle Launcher Grenade Launcher Build | -11 -10 -10 ------- Run | Yrd Mat Min Slots Evolved . | . . . Power . | . . . Propulsion . | . . . Utility . | . . . Weapon . | . . . Parts Attached 24 | 7 13 4 Power 4 | 1 2 1 Engine 3 | 1 2 . Core 1 | . . 1 Reactor . | . . . Propulsion 5 | 3 2 . Treads 3 | 2 1 . Leg . | . . . Wheel 2 | 1 1 . Hover . | . . . Flight . | . . . Utility 5 | 1 4 . Device 1 | . 1 . Storage 3 | 1 2 . Processor . | . . . Hackware . | . . . Protection 1 | . 1 . Artifact . | . . . Weapon 10 | 2 5 3 Energy Gun 4 | 2 2 . Energy Cannon . | . . . Ballistic Gun 5 | . 3 2 Ballistic Cannon . | . . . Launcher 1 | . . 1 Special Weapon . | . . . Impact Weapon . | . . . Slashing Weapon . | . . . Piercing Weapon . | . . . Special Melee Weapon . | . . . Unidentified Prototypes . | . . . Parts Lost 2 | . . 2 Power . | . . . Propulsion 1 | . . 1 Utility 1 | . . 1 Weapon . | . . . Highest Loss Streak 1 | . . 1 To Critical Strikes . | . . . Average Slot Usage (%) 96 | . 98 88 Engine 13 | . 14 11 Treads 13 | . 14 13 Wheel 14 | . 14 14 Device 2 | . 3 . Storage 14 | . 14 14 Protection 8 | . 9 3 Energy Gun 12 | . 15 . Ballistic Gun 15 | . 12 26 Peak Build Rating 9 | 6 9 9 Average Rating 7 | 4 8 7 On Entrance 4 | . 6 8 Naked Turns . | . . . Heaviest Build 32 | 14 30 32 Greatest Support 40 | 40 20 20 Greatest Overweight (x) 1 | 1 1 1 Average Overweight (x) . | . . 1 Largest Inventory Capacity 15 | 8 15 15 Average Capacity 11 | 7 11 15 Most Carried 13 | 4 13 13 Average Carried 8 | 2 8 12 Final Capacity 15 | 8 15 15 Final Carried 13 | 4 12 13 Class Distribution -------------------- 51% | Mutant 48% | Scavenger-Mutant Dominant Class ---------------- Mutant | -10/Materials Scavenger-Mutant | -10/Mines Resources | -11 -10 -10 ----------- Run | Yrd Mat Min Matter Collected 680 | 227 337 116 Remotely . | . . . Salvage Created 697 | 48 497 152 Parts 49 | 3 37 9 Haulers Intercepted 1 | . 1 . Recyclers Shooed 3 | . 3 . Parts Field Recycled . | . . . Retrieved Matter . | . . . Parts Self-Destructed . | . . . Prevented . | . . . Kills | -11 -10 -10 ------- Run | Yrd Mat Min Combat Hostiles Destroyed 19 | . 9 10 Guns 14 | . 9 5 AOE 5 | . . 5 Classes Destroyed 9 | 1 7 1 Builder 1 | . 1 . Tunneler 2 | 2 . . Hauler 1 | . 1 . Recycler 1 | . 1 . Operator 1 | . 1 . Watcher 2 | . 2 . Swarmer 6 | . 3 3 Grunt 8 | . 6 2 Assembled 5 | . . 5 Best Kill Streak 5 | 2 3 5 Combat Bots Only 5 | . 3 5 Max Kills in Single Turn 2 | 1 1 2 Gunslinging . | . . . Exploded 2 | . . 2 Melee . | . . . Uniques/NPCs Destroyed . | . . . Combat | -11 -10 -10 -------- Run | Yrd Mat Min Hostile Shots Fired 94 | . 39 55 Missed 26 | . 7 19 Damage Taken 896 | . 460 436 Core 254 | . 121 133 Absorbed by Shields . | . . . Regen/Repaired (Parts) 18 | . 18 . Core Remaining (%) 100 | 100 . . Volleys Fired 84 | 5 49 30 Largest 2 | 2 2 2 Hottest 100 | 100 100 50 Shots Fired 165 | 10 98 57 Gun 161 | 10 98 53 Cannon . | . . . Launcher 4 | . . 4 Special . | . . . Kinetic 85 | . 32 53 Thermal 76 | 10 66 . Explosive 4 | . . 4 Electromagnetic . | . . . Robot Hit Streak 9 | 2 7 9 Robot Miss Streak 3 | 3 3 2 Penetration Max . | . . . Secondary Targets 2 | . 1 1 Max Gunslinging Chain 1 | . 1 1 Shots Hit Robots 100 | 5 55 40 Core Hits 58 | 2 29 27 Critical Kills . | . . . Critical Parts Destroyed . | . . . Critical Strikes 7 | 1 6 . Burn 7 | 1 6 . Melee Attacks . | . . . Impact . | . . . Slashing . | . . . Piercing . | . . . Sneak Attacks . | . . . Combat Hostiles . | . . . Follow-up Attacks . | . . . Damage Inflicted 1403 | 72 618 713 Guns 996 | 72 618 306 Cannons . | . . . Explosions 407 | . . 407 Melee . | . . . Ramming . | . . . Kinetic 437 | . 131 306 Thermal 559 | 72 487 . Explosive 407 | . . 407 Electromagnetic . | . . . Impact . | . . . Slashing . | . . . Piercing . | . . . Highest Corruption 1 | . 1 1 Average Corruption 1 | . 1 1 Corruption Purged . | . . . Corruption Blocked . | . . . Effects 11 | . 6 5 Message Errors 3 | . 1 2 Matter Fused 3 | . 1 2 Heat Flow Errors 2 | . 2 . Energy Discharges 2 | . 2 . Alerts 1 | . . 1 Overload Shots . | . . . Overflow Damage . | . . . Projectiles . | . . . Explosions . | . . . Melee . | . . . Knockbacks . | . . . Impact . | . . . Kinetic . | . . . Secondary . | . . . Self-Inflicted Damage . | . . . Shots . | . . . Rammed . | . . . Targets Rammed . | . . . Kicked . | . . . Crushed . | . . . Highest Temperature 512 | 195 512 27 Average Temperature 114 | 100 136 9 Received Heat Transfer 333 | . 177 156 Effects 7 | . 7 . Shutdowns 1 | . 1 . Energy Bleed 1 | . 1 . Matter Decay 3 | . 3 . Damage (minor) 1 | . 1 . Damage (core) 1 | . 1 . Siege Activations . | . . . Robots Corrupted . | . . . Combat Hostiles . | . . . Parts Fried . | . . . Impact Corruptions . | . . . Robots Melted . | . . . Combat Hostiles . | . . . Parts Melted 2 | . 2 . Heat Transferred 2183 | 296 1887 . Parts Sabotaged . | . . . Parts Stolen . | . . . Parts Stripped . | . . . Power Chain Reactions . | . . . Alert | -11 -10 -10 ------- Run | Yrd Mat Min Peak Influence 270 | 10 171 270 Initial 52 | . 6 52 Average 97 | 2 80 202 Maximum Alert Level 1 | . . 1 Low Security (%) 86 | 100 100 29 Level 1 13 | . . 70 Level 2 . | . . . Level 3 . | . . . Level 4 . | . . . Level 5 . | . . . High Security . | . . . Max Security . | . . . Squads Dispatched 3 | . 3 . Investigation 3 | . 3 . Extermination . | . . . Reinforcement . | . . . Assault . | . . . Garrison . | . . . Intercept . | . . . Searches Triggered . | . . . Construction Impeded . | . . . Haulers Reinforced . | . . . Active Scanning Responses . | . . . Cargo Convoy Interrupts . | . . . Stealth | -11 -10 -10 --------- Run | Yrd Mat Min Distress Signals 2 | . 2 . Communications Jammed . | . . . Distress Signals . | . . . Times Spotted 39 | . 21 18 Peak Tracking Total 6 | . 5 6 Tactical Retreats 4 | . 1 3 Traps | -11 -10 -10 ------- Run | Yrd Mat Min Traps Triggered 2 | . 2 . Indirectly . | . . . Trap Hack Attempts . | . . . Triggered . | . . . Disarmed 10 | . 10 . Reprogrammed . | . . . Reused . | . . . Traps Extracted . | . . . Installed . | . . . Triggered . | . . . Machines | -11 -10 -10 ---------- Run | Yrd Mat Min Machines Disabled . | . . . Max in Single Turn . | . . . Machines Repaired . | . . . Machines Dismantled . | . . . Machines Sabotaged . | . . . Overloaded Fab Kills . | . . . Hacking | -11 -10 -10 --------- Run | Yrd Mat Min Machines Accessed 10 | . 10 . Terminals 7 | . 7 . Fabricators . | . . . Repair Stations 1 | . 1 . Recycling Units 2 | . 2 . Scanalyzers . | . . . Garrison Access . | . . . Total Hacks 36 | . 36 . Successful 26 | . 26 . Failed 10 | . 10 . Catastrophic 1 | . 1 . Database Lockouts . | . . . Manual 11 | . 11 . Terminals 28 | . 28 . Fabricators . | . . . Repair Stations 3 | . 3 . Recycling Units 5 | . 5 . Scanalyzers . | . . . Garrison Access . | . . . Terminal Hacks 14 | . 14 . Robot Analysis 1 | . 1 . Prototype ID Bank 2 | . 2 . Repair Station Index 1 | . 1 . Alert Level 1 | . 1 . Locate Traps 2 | . 2 . Disarm Traps 2 | . 2 . Dispatch Records 1 | . 1 . Registered Components 1 | . 1 . Zone Layout 3 | . 3 . Fabricator Hacks . | . . . Repair Station Hacks 2 | . 2 . Scan Component 1 | . 1 . Repair 1 | . 1 . Recycling Unit Hacks 3 | . 3 . Report Inventory 2 | . 2 . Retrieve Components 1 | . 1 . Scanalyzer . | . . . Garrison Access Hacks . | . . . Unauthorized Hacks 7 | . 7 . Terminals 5 | . 5 . Assimilate 1 | . 1 . Botnet 3 | . 3 . Operators 1 | . 1 . Fabricators . | . . . Repair Stations . | . . . Recycling Units 2 | . 2 . Tunnel 2 | . 2 . Scanalyzers . | . . . Garrison Access . | . . . Data Cores Recovered . | . . . Used . | . . . Hacking Detections 8 | . 8 . Full Trace Events 2 | . 2 . Feedback Events . | . . . Feedback Blocked . | . . . Robot Schematics Acquired . | . . . Robots Built . | . . . Authchips . | . . . Time . | . . . Total Robot Build Rating . | . . . Part Schematics Acquired . | . . . Parts Built . | . . . Authchips . | . . . Time . | . . . Total Part Build Rating . | . . . Parts Repaired 1 | . 1 . Time 38 | . 38 . Parts Recycled . | . . . Recycled Matter . | . . . Retrieved Matter . | . . . Retrieved Components 9 | . 9 . Parts Scanalyzed . | . . . Part Schematics Acquired . | . . . Parts Damaged . | . . . Bothacking | -11 -10 -10 ------------ Run | Yrd Mat Min Used RIF Installer . | . . . Robots Hacked . | . . . Non-combat . | . . . Combat . | . . . Robot Hacks Applied . | . . . Relay Couplers Released . | . . . Fabnet Peak Effective % . | . . . Robots Rewired . | . . . Allies Hacked . | . . . Hacks Repelled . | . . . Allies | -11 -10 -10 -------- Run | Yrd Mat Min Total Allies 1 | . 1 . Largest Group 1 | . 1 . Highest-Rated Group 10 | . 10 . Highest-Rated Ally 10 | . 10 . Total Orders 1 | . 1 . STAY 1 | . 1 . Ally Attacks . | . . . Total Damage . | . . . Kills . | . . . Allies Corrupted . | . . . Allies Melted . | . . . Intel | -11 -10 -10 ------- Run | Yrd Mat Min Robot Analysis Total 1 | . 1 . Derelict Logs Recovered 2 | . . 2 Drone Launches . | . . . Drone Recoveries . | . . . Exploration | -11 -10 -10 ------------- Run | Yrd Mat Min Turns Passed 1489 | 127 1078 284 Spaces Moved 794 | 77 629 88 Core 10 | 10 . . Treads 235 | 28 128 79 Legs . | . . . Wheels 549 | 39 501 9 Hover . | . . . Flight . | . . . Fastest Speed 50 | 50 95 115 Average Speed 141 | 118 132 227 Slowest Speed 240 | 160 240 240 Overloaded Moves . | . . . Propulsion Burnouts . | . . . Robots Hopped . | . . . Cave-ins Triggered . | . . . Exploration Rate (%) 43 | 4 92 34 Regions Visited 2 Branch Regions 1 Pre-discovered Areas 3 | . 2 1 Known Exits Taken . | . . . Unknown Exits Taken 2 | 1 1 . Scrap Searched . | . . . Spaces Dug 10 | . . 10 Terrain Destroyed 40 | . . 40 Melee . | . . . Projectile . | . . . AOE 40 | . . 40 Terrain Rammed . | . . . Walls Destroyed . | . . . Machines Disabled . | . . . Actions | -11 -10 -10 --------- Run | Yrd Mat Min Total 1010 | 99 785 126 Wait 82 | 7 72 3 Move 792 | 76 628 88 Hop . | . . . Pick Up 14 | 4 10 . Fast Attach 11 | 6 5 . Attach 1 | . 1 . Detach 2 | . 2 . Swap 12 | 1 7 4 Drop 12 | . 11 1 Fire 84 | 5 49 30 Melee . | . . . Ram . | . . . Kick . | . . . Crush . | . . . Escape Stasis . | . . . Rewire . | . . . Trap . | . . . Miscellaneous . | . . . Route ------- -11/Scrapyard -10/Materials (discovered 6 exits: [*Mat x3] / [*Min x2] / [Sub]) -10/Mines History --------- Turn | Location | Event 9 | -11/Scrapyard | Discovered new exit (range 15) 128 | -11/Scrapyard | Entered Materials 159 | -10/Materials | Discovered new exit (range 13) 295 | -10/Materials | Discovered new exit (range 16) 307 | -10/Materials | Discovered new exit (range 15) 308 | -10/Materials | Build established: Mutant 359 | -10/Materials | Discovered new exit (range 9) 535 | -10/Materials | Discovered new exit (range 3) 638 | -10/Materials | Discovered new exit (range 5) 1023 | -10/Materials | Build established: Scavenger-Mutant 1049 | -10/Materials | Repaired Imp. Terrain Scanner 1206 | -10/Materials | Entered Mines 1207 | -10/Mines | Assembled infested the area 1216 | -10/Mines | Core integrity fell below 50% 1287 | -10/Mines | Core integrity fell below 20% 1370 | -10/Mines | Learned Materials emergency access door positions 1490 | -10/Mines | Destroyed by G-34 Mercenary with Small Laser Last Messages --------------- 01282_ Lgt. Armor Plating destroyed. 01290_ R-06 Scavenger collects Lgt. Ion Engine. 01291_ G-47 Trooper destroyed. 01293_ Acquired 46 matter. 01295_ K-01 Serf collects debris. 01296_ R-06 Scavenger collects Particle Gun. 01298_ K-01 Serf collects debris. 01301_ R-06 Scavenger collects Aluminum Leg. 01370_ Acquired derelict log, extracted data. Data stored: Materials emergency access points. 01372_ Acquired derelict log, extracted data. World map updated: -10/Materials. 01433_ Critical hit (Burn: +37). 01434_ System corrupted: Matter fused (-8). 01436_ G-47 Trooper destroyed. 01441_ Acquired 25 matter. 01444_ K-01 Serf collects debris. 01466_ F3Q9Z:A60JHEUSQEOT E/I0GIM2FRN6&JB9K5K 01480_ Lgt. Treads destroyed. 01484_ System corrupted: Matter fused (-10). Map ----- +----------------------------------------------------+ | ????????????????????????????????????????# # | | ????????????????????????????????????????# # | | ??????????????????????????????????####### """ # | | ????????????## ???????????????????# """ # | | ???????????## ??????????????????# ##### """ | | ???????????# ??????????????????# #???# | | ??????????## ?????????????????# #???# # | | ?????????? #??????########### #???########## | | ?????????? ####??# #????????????# | | ???????????# ### ###########????????????# | | ??????????## ## #??????????????????????# | | ?????????## ##[#??????????????????????# | | ???????? ##%####???????????????????# | | ????????? = #???????????????????? | | ????????????????## #???????????????????? | | ?????????????????## #### #???????????????????? | | ??????????????????## #??? #???????????????????? | | ???????????????????# ##??? ??????????????????? | | ???????????????????# #????? ?????????????????? | | ???????????????????## #?????#####????????????????? | | ????????????????????# #??????????????????????????? | | ????????????????????# ######?????????????????????? | | ????????????????????# #?????????????????????? | | ????????????????????# #?????????????????????? | | ????????????????????#####g #?????????????????????? | | ????????????????????????#@ #?????????????????????? | | ????????????????????????# #?????????????????????? | | ????????????????????????# ????????????????????? | | ????????????????????????# ???????????????????? | | ????????????????????????#######??????????????????? | | ?????????????????????????????????????????????????? | | ?????????????????????????????????????????????????? | | ?????????????????????????????????????????????????? | | ?????????????????????????????????????????????????? | | ?????????????????????????????????????????????????? | | ?????????????????????????????????????????????????? | | ?????????????????????????????????????????????????? | | ?????????????????????????????????????????????????? | | ?????????????????????????????????????????????????? | | ?????????????????????????????????????????????????? | | ?????????????????????????????????????????????????? | | | | | | | | | | | | | | | | | | | +----------------------------------------------------+ Best States ------------- Heat Dissipation 25 Energy Generation 14 Energy Capacity 250 Matter Stores 300 Matter Capacity 300 Sight Range 16 Terrain Scan Range 16 Terrain Scan Density 10 Armor Coverage 150 Evasion (%) 41 Recoil Reduction 2 Item Schematics ----------------- None Robot Schematics ------------------ None Fabricated ------------ Nothing Alien Tech Used ----------------- None Achievements -------------- None Challenges ------------ None Game ------ Seed MediumIonicComputer Manual? 0 Play Time 00:14:54 Cumulative 160.1 hours Start 2024.10.10 @ 21:41:55 End 2024.10.10 @ 21:54:55 Sessions 1 Manual Loads 0 Difficulty Rogue Special Mode None Game No. 133 Rogue 133 Adventurer 0 Explorer 0 Win Type - Total 2 Types 2/0/0/0/0/0/0/0/0 Lore% 60 Gallery% 63 Achievement% 49 Wizard Run 0 Options --------- Layout 2 ASCII 0 Keyboard 0 Movement Numpad Keybinds 0 Fullscreen 1 Font 16/Terminus Map View 55x47 Zoom Use 0% Tactical HUD 1 Map Filters NONE Filters NONE Steam 1 RUN: 524a92e1-453c-4009-94b0-7712516d4a23